 Dungeon Crawl Stone Soup version 0.22.1-1-ga44c0e5 (webtiles) character file.

538 JeffiDaFish the Shield-Bearer (level 7, -15/44 HPs)
             Began as a Gargoyle Fighter on Sept 20, 2018.
             Demolished by an ogre
             ... wielding a +0 giant club
              (17 damage)
             ... on level 5 of the Dungeon.
             The game lasted 00:10:02 (3831 turns).

JeffiDaFish the Shield-Bearer (Gargoyle Fighter)    Turns: 3831, Time: 00:10:04

Health: -15/44     AC: 17    Str: 16 (19) XL:     7   Next: 26%
Magic:  7/7        EV:  5    Int:  8 (10) God:
Gold:   227        SH: 11    Dex:  6 (9)  Spells: 6/6 levels left

rFire    . . .     SeeInvis .   a - +0 flail
rCold    . . .     Gourm    .   e - +2 shield
rNeg     + . .     Faith    .   m - +0 chain mail
rPois    ∞         Spirit   .   k - +0 hat
rElec    +         Reflect  .   (no cloak)
rCorr    .         Harm     .   l - +0 pair of gloves
MR       +....                  g - +0 pair of boots
Stlth    ..........             (no amulet)
HPRegen  0.14/turn              b - ring "Roecesh" {rPois MR+ Int+2}
MPRegen  0.10/turn              j - -3 ring of strength (curse)

@: no status effects
A: negative energy resistance 1, electricity resistance, unbreathing,
petrification resistance, rot immunity, AC +4
a: no special abilities


You were on level 5 of the Dungeon.
You were not hungry.

You visited 1 branch of the dungeon, and saw 5 of its levels.

You collected 227 gold pieces.

Inventory:

Hand Weapons
 a - a +0 flail (weapon)
Armour
 e - a +2 shield (worn)
 g - a +0 pair of boots (worn)
 k - a +0 hat (worn)
 l - a +0 pair of gloves (worn)
 m - a +0 chain mail (worn)
Jewellery
 b - the ring "Roecesh" (left hand) {rPois MR+ Int+2}
   (You found it on level 4 of the Dungeon)

   [ring of intelligence]

   It affects your intelligence (+2).
   It protects you from poison.
   It affects your resistance to hostile enchantments.
 j - a cursed -3 ring of strength (right hand)
Scrolls
 c - a scroll of teleportation
 h - a scroll of identify
Potions
 d - 3 potions of might
 n - a potion of curing
Comestibles
 f - 6 rations
 i - 5 chunks of flesh


   Skills:
 + Level 4.6 Fighting
 + Level 3.5 Maces & Flails
 * Level 5.7 Armour
 * Level 5.8 Shields


You had 6 spell levels left.
You didn't know any spells.
Your spell library contained the following spells:

 Spells                   Type           Power        Failure   Level  Hunger
 Animate Skeleton         Necr           N/A          100%        1    ##.....
 Beastly Appendage        Tmut           #.....       100%        1    ##.....
 Pain                     Necr           #...         100%        1    ##.....
 Sticks to Snakes         Tmut           #.......     100%        2    ###....
 Regeneration             Chrm/Necr      #.........   100%        3    ####...
 Spider Form              Tmut/Pois      #.........   100%        3    ####...
 Vampiric Draining        Necr           #.........   100%        3    ####...
 Animate Dead             Necr           N/A          100%        4    #####..
 Ice Form                 Ice/Tmut       #.......     100%        4    #####..
 Blade Hands              Tmut           #.........   100%        5    ######.


Dungeon Overview and Level Annotations

Branches:
Dungeon (5/15)
 Temple: D:4-7

Altars:


Innate Abilities, Weirdness & Mutations

You are resistant to torment.
Your stone body is resilient. (AC +4)
You are immune to poison.
You resist negative energy. (rN+)
You are resistant to electric shocks. (rElec)
You can survive without breathing.
You are immune to petrification.
You are immune to rotting.


Message History

You hit the ogre.
The ogre is severely wounded.
You block the ogre's attack.
You hit the ogre but do no damage.
The ogre is severely wounded.
You block the ogre's attack.
Your shield and chain mail prevent you from hitting the ogre.
The ogre is severely wounded.
You block the ogre's attack.
You hit the ogre but do no damage.
The ogre is heavily wounded.
You block the ogre's attack.
You barely miss the ogre.
The ogre is heavily wounded.
The ogre hits you with a giant club!
* * * LOW HITPOINT WARNING * * *
You hit the ogre.
The ogre is severely wounded.
The ogre hits you with a giant club!
You die...

#...# #######.# ....# #.#
##..###.#####
..#.........#
..#.###..##.# ##
.#..#....##.# #.##.##
.......#.##.######.......
................@OZ......
............######...#.##
.........#### .....#
....#.#### .......
....#.# ..##### .#..#.#
..# ..#.#.# ... ..#.#.#
..# ##..#.#


You could see an ogre and a bullfrog zombie.

Vanquished Creatures
  A crimson imp (D:5)
  A hound (D:4)
  An orc priest (D:3)
  4 orc wizards
  Jessica (D:2)
  Ijyb (D:3)
  3 worker ants
  2 hound skeletons (D:4)
  8 adders
  5 worms
  4 dart slugs
  5 leopard geckos
  16 orcs
  A ball python (D:4)
  7 bats
  4 giant cockroaches
  9 goblins
  5 hobgoblins
  8 jackals
  3 quokkas
  3 frilled lizards
  A kobold (D:1)
  8 rats
101 creatures vanquished.

Vanquished Creatures (others)
  An orc wizard (D:3)
1 creature vanquished.

Grand Total: 102 creatures vanquished

Notes
Turn   | Place    | Note
-------+----------+-------------------------------------------
     0 | D:1      | JeffiDaFish the Gargoyle Fighter began the quest for the
                  | Orb.
     0 | D:1      | Reached XP level 1. HP: 14/14 MP: 1/1
   125 | D:1      | Reached XP level 2. HP: 9/19 MP: 2/2
   406 | D:1      | Reached XP level 3. HP: 15/23 MP: 3/3
   735 | D:2      | Noticed Jessica
   754 | D:2      | Killed Jessica
   754 | D:2      | Reached XP level 4. HP: 27/29 MP: 4/4
  1536 | D:3      | Reached XP level 5. HP: 17/33 MP: 5/5
  1793 | D:3      | Noticed Ijyb
  1889 | D:3      | Killed Ijyb
  2093 | D:3      | Reached XP level 6. HP: 38/38 MP: 6/6
  2419 | D:4      | Reached skill level 5 in Shields
  2469 | D:3      | Identified the +1 robe "Kintuquibb" {rF+} (You took it off
                  | an orc on level 3 of the Dungeon)
  2615 | D:3      | Reached skill level 5 in Armour
  3101 | D:4      | Got a serpentine granite ring
  3140 | D:4      | Identified the ring "Roecesh" {rPois MR+ Int+2} (You found
                  | it on level 4 of the Dungeon)
  3212 | D:4      | Reached XP level 7. HP: 37/44 MP: 7/7
  3415 | D:5      | Entered Level 5 of the Dungeon
  3830 | D:5      | HP: 2/44 [ogre/giant club (16)]
  3831 | D:5      | Demolished by an ogre

Skill      XL: |  1  2  3  4  5  6 |
---------------+-------------------+-----
Armour         | 4 5 |  5.7
Shields        | 4 5 |  5.8
Fighting       | 4 |  4.6
Maces & Flails | 3 |  3.5

Action                   |  1- 3 |  4- 6 |  7- 9 || total
-------------------------+-------+-------+-------++-------
Melee: Flail             |   104 |   323 |   168 ||   595
  Use: Potion            |     1 |     2 |     3 ||     6
       Scroll            |     2 |     6 |       ||     8
  Eat: Chunk             |       |     8 |     3 ||    11
Armor: Scale mail        |    84 |   225 |       ||   309
       Chain mail        |       |    13 |   120 ||   133
Dodge: Dodged            |    42 |    89 |    36 ||   167
Block: Shield            |    91 |   266 |   128 ||   485
